PL
WIZARDING EXPRESS @ NORTHERN VIRGINIA RAINBOW MERMAIDS
09/21/2028
 
TOP OF THE 1ST
Wizarding Express batting - Pitching for Northern Virginia Rainbow Mermaids : LHP Arnie Pittman
Pitching: LHP Arnie Pittman
Batting: LHB José Corona 0-0: Ground out 4-3 (Groundball, 4)
Batting: RHB Ed Whitaker 0-0: Ball
1-0: Foul Ball, location: 2F
1-1: Ground out 5-3 (Groundball, 5L)
Batting: RHB António Martínez 0-0: Called Strike
0-1: Ball
1-1: Ball
2-1: Foul Ball, location: 2F
2-2: SINGLE (Line Drive, 6D)
Batting: LHB Nathan Tanner 0-0: Ball
António Martínez is caught stealing 2nd base
Top of the 1st over - 0 run(s), 1 hit(s), 0 error(s), 0 left on base; Wizarding 0 - Northern Virginia 0
BOTTOM OF THE 1ST
Northern Virginia Rainbow Mermaids batting - Pitching for Wizarding Express : RHP Ralph McKinney
Pitching: RHP Ralph McKinney
Batting: LHB Munemori Ohara 0-0: Ball
1-0: Ball
2-0: Foul Ball, location: 2F
2-1: Foul Ball, location: 2F
2-2: Foul Ball, location: 2F
2-2: Fly out, F7 (Flyball, 7S)
Batting: RHB Brett Callison 0-0: Swinging Strike
0-1: Foul Ball, location: 2F
0-2: SINGLE (Flyball, 9LS)
Batting: LHB Roberto Sánchez 0-0: Ball
1-0: Ball
2-0: Swinging Strike
2-1: Ball
3-1: Called Strike
3-2: Base on Balls
Brett Callison to second
Batting: RHB Ed Adams 0-0: Fly out, F4 (Line Drive, 4)
Batting: RHB Alfredo Pizarro 0-0: Reached on error, E8 (Flyball, 8LM)
Brett Callison scores
Roberto Sánchez to third
Batting: LHB Francisco Ornelas 0-0: Called Strike
0-1: Ball
1-1: Ball
2-1: Ball
3-1: Called Strike
3-2: Strikes out swinging
Bottom of the 1st over - 1 run(s), 1 hit(s), 1 error(s), 2 left on base; Wizarding 0 - Northern Virginia 1
TOP OF THE 2ND
Wizarding Express batting - Pitching for Northern Virginia Rainbow Mermaids : LHP Arnie Pittman
Batting: LHB Nathan Tanner 0-0: Foul Ball, location: 2F
0-1: Called Strike
0-2: Fly out, F9 (Flyball, 9)
Batting: SHB Fernando Sánchez 0-0: SINGLE (Groundball, 56D)
Batting: SHB Salvador Trevino 0-0: Called Strike
0-1: Called Strike
0-2: Fly out, F8 (Flyball, 8RM)
Batting: RHB Frank Grimes 0-0: Ball
1-0: Called Strike
1-1: Ball
2-1: Ball
3-1: Called Strike
3-2: Fly out, F7 (Flyball, 7S)
Top of the 2nd over - 0 run(s), 1 hit(s), 0 error(s), 1 left on base; Wizarding 0 - Northern Virginia 1
BOTTOM OF THE 2ND
Northern Virginia Rainbow Mermaids batting - Pitching for Wizarding Express : RHP Ralph McKinney
Batting: RHB Arlen Joysey 0-0: Called Strike
0-1: Ball
1-1: Called Strike
1-2: DOUBLE (Flyball, 89D)
Batting: LHB Ty Tomblin 0-0: Foul Ball, location: 2F
0-1: Swinging Strike
0-2: Ball
1-2: Strikes out swinging
Batting: RHB Pau Arria 0-0: Called Strike
0-1: Ball
1-1: Ball
2-1: Fly out, F7 (Flyball, 7)
Batting: LHB Munemori Ohara 0-0: Ball
1-0: Ball
2-0: Called Strike
2-1: Swinging Strike
2-2: Ball
3-2: Base on Balls
Batting: RHB Brett Callison 0-0: Called Strike
0-1: Swinging Strike
0-2: Ball
1-2: Ball
2-2: SINGLE (Line Drive, 56)
Arlen Joysey to third
Munemori Ohara to second
Runner from 3rd tries for Home, SAFE, no throw
Batting: LHB Roberto Sánchez 0-0: Ball
1-0: Ball
2-0: SINGLE (Line Drive, 9LS)
Munemori Ohara to third
Brett Callison to second
Runner from 3rd tries for Home, SAFE, no throw
Batting: RHB Ed Adams 0-0: Ball
1-0: Swinging Strike
1-1: Ball
2-1: Called Strike
2-2: Ball
3-2: Base on Balls
Brett Callison to third
Roberto Sánchez to second
Batting: RHB Alfredo Pizarro 0-0: Foul Ball, location: 2F
0-1: Fielders Choice at 2nd, 5-4 (Groundball, 56)
Bottom of the 2nd over - 2 run(s), 3 hit(s), 0 error(s), 2 left on base; Wizarding 0 - Northern Virginia 3
TOP OF THE 3RD
Wizarding Express batting - Pitching for Northern Virginia Rainbow Mermaids : LHP Arnie Pittman
Batting: RHB Steve Dunn 0-0: Ball
1-0: Ball
2-0: Foul Ball, location: 2F
2-1: Ball
3-1: Swinging Strike
3-2: Base on Balls
Batting: LHB Kyung-chor Pang 0-0: Ball
1-0: Called Strike
1-1: Foul Ball, location: 2F
1-2: Ball
2-2: Fly out, F8 (Flyball, 8RM)
Batting: LHB José Corona 0-0: Fly out, F8 (Flyball, 8LD)
Batting: RHB Ed Whitaker 0-0: Swinging Strike
0-1: Foul Ball, location: 2F
0-2: Ball
1-2: Ball
2-2: Foul Ball, location: 2F
2-2: Foul Ball, location: 2F
2-2: Strikes out swinging
Top of the 3rd over - 0 run(s), 0 hit(s), 0 error(s), 1 left on base; Wizarding 0 - Northern Virginia 3
BOTTOM OF THE 3RD
Northern Virginia Rainbow Mermaids batting - Pitching for Wizarding Express : RHP Ralph McKinney
Batting: LHB Francisco Ornelas 0-0: Fly out, F7 (Flyball, 7LM)
Batting: RHB Arlen Joysey 0-0: Called Strike
0-1: Foul Ball, location: 2F
0-2: Ball
1-2: Ball
2-2: Ball
3-2: Fly out, F4 (Flyball, 34D)
Batting: LHB Ty Tomblin 0-0: Called Strike
0-1: Swinging Strike
0-2: Strikes out looking
Bottom of the 3rd over - 0 run(s), 0 hit(s), 0 error(s), 0 left on base; Wizarding 0 - Northern Virginia 3
TOP OF THE 4TH
Wizarding Express batting - Pitching for Northern Virginia Rainbow Mermaids : LHP Arnie Pittman
Batting: RHB António Martínez 0-0: Swinging Strike
0-1: Ball
1-1: Ground out 6-3 (Groundball, 6)
Batting: LHB Nathan Tanner 0-0: Foul Ball, location: 2F
0-1: Foul Ball, location: 2F
0-2: Ball
1-2: Ground out 6-3 (Groundball, 6)
Batting: SHB Fernando Sánchez 0-0: Ball
1-0: Ball
2-0: Called Strike
2-1: Foul Ball, location: 2F
2-2: Strikes out swinging
Top of the 4th over - 0 run(s), 0 hit(s), 0 error(s), 0 left on base; Wizarding 0 - Northern Virginia 3
BOTTOM OF THE 4TH
Northern Virginia Rainbow Mermaids batting - Pitching for Wizarding Express : RHP Ralph McKinney
Batting: RHB Pau Arria 0-0: Called Strike
0-1: Ball
1-1: SOLO HOME RUN (Flyball, 7D), Distance : 385 ft
Batting: LHB Munemori Ohara 0-0: Ball
1-0: Foul Ball, location: 2F
1-1: Ball
2-1: Ball
3-1: Base on Balls
Batting: RHB Brett Callison 0-0: Fly out, F8 (Flyball, 8LD)
Batting: LHB Roberto Sánchez 0-0: Swinging Strike
0-1: Called Strike
0-2: Strikes out looking
Batting: RHB Ed Adams 0-0: Called Strike
0-1: Ball
1-1: Called Strike
1-2: Strikes out swinging
Bottom of the 4th over - 1 run(s), 1 hit(s), 0 error(s), 1 left on base; Wizarding 0 - Northern Virginia 4
TOP OF THE 5TH
Wizarding Express batting - Pitching for Northern Virginia Rainbow Mermaids : LHP Arnie Pittman
Batting: SHB Salvador Trevino 0-0: Ball
1-0: Ball
2-0: Foul Ball, location: 2F
2-1: Foul Ball, location: 2F
2-2: Fly out, F8 (Flyball, 8RS)
Batting: RHB Frank Grimes 0-0: Ball
1-0: Called Strike
1-1: Swinging Strike
1-2: Ball
2-2: Strikes out swinging
Batting: RHB Steve Dunn 0-0: Called Strike
0-1: Ball
1-1: Ball
2-1: Called Strike
2-2: Fly out, F6 (Line Drive, 6)
Top of the 5th over - 0 run(s), 0 hit(s), 0 error(s), 0 left on base; Wizarding 0 - Northern Virginia 4
BOTTOM OF THE 5TH
Northern Virginia Rainbow Mermaids batting - Pitching for Wizarding Express : RHP Ralph McKinney
Batting: RHB Alfredo Pizarro 0-0: Called Strike
0-1: Foul Ball, location: 2F
0-2: Ball
1-2: Fly out, F8 (Flyball, 8RM)
Batting: LHB Francisco Ornelas 0-0: Ball
1-0: Called Strike
1-1: Foul Ball, location: 2F
1-2: Foul Ball, location: 2F
1-2: SINGLE (Groundball, 4MD)
Batting: RHB Arlen Joysey 0-0: Ball
1-0: Fly out, F9 (Flyball, 89M)
Batting: LHB Ty Tomblin 0-0: Called Strike
0-1: Ball
1-1: Ball
2-1: Swinging Strike
2-2: Strikes out swinging
Bottom of the 5th over - 0 run(s), 1 hit(s), 0 error(s), 1 left on base; Wizarding 0 - Northern Virginia 4
TOP OF THE 6TH
Wizarding Express batting - Pitching for Northern Virginia Rainbow Mermaids : LHP Arnie Pittman
Batting: LHB Kyung-chor Pang 0-0: Ball
1-0: Foul Ball, location: 2F
1-1: Fly out, F8 (Line Drive, 78D)
Batting: LHB José Corona 0-0: Ball
1-0: Called Strike
1-1: Ground out 5-3 (Groundball, 5S)
Batting: RHB Ed Whitaker 0-0: Called Strike
0-1: Ball
1-1: Foul Ball, location: 2F
1-2: Ball
2-2: Foul Ball, location: 2F
2-2: Strikes out swinging
Top of the 6th over - 0 run(s), 0 hit(s), 0 error(s), 0 left on base; Wizarding 0 - Northern Virginia 4
BOTTOM OF THE 6TH
Northern Virginia Rainbow Mermaids batting - Pitching for Wizarding Express : RHP Ralph McKinney
Pitching: LHP Ming-jiang Wu
Batting: RHB Pau Arria 0-0: Ball
1-0: Ball
2-0: Called Strike
2-1: Ball
3-1: Foul Ball, location: 2F
3-2: Fly out, F6 (Popup, 4MD)
Batting: LHB Munemori Ohara 0-0: Ball
1-0: Ball
2-0: SINGLE (Groundball, 3S) (infield hit)
Batting: RHB Brett Callison 0-0: Called Strike
Munemori Ohara steals 2nd base
0-1: Ball
1-1: Foul Ball, location: 2F
1-2: Ball
2-2: Ball
3-2: Fly out, F5 (Popup, 5L)
Batting: LHB Roberto Sánchez 0-0: Ball
1-0: Ball
2-0: Foul Ball, location: 2F
2-1: Called Strike
2-2: Fly out, F3 (Popup, 34)
Bottom of the 6th over - 0 run(s), 1 hit(s), 0 error(s), 1 left on base; Wizarding 0 - Northern Virginia 4
TOP OF THE 7TH
Wizarding Express batting - Pitching for Northern Virginia Rainbow Mermaids : LHP Arnie Pittman
Batting: RHB António Martínez 0-0: Ball
1-0: Called Strike
1-1: Ball
2-1: Ball
3-1: Swinging Strike
3-2: Foul Ball, location: 2F
3-2: Base on Balls
Batting: LHB Nathan Tanner 0-0: Ball
1-0: Ball
2-0: Fly out, F8 (Flyball, 8LS)
Pitching: LHP Javier Desdin
Batting: SHB Fernando Sánchez 0-0: Ball
1-0: Called Strike
António Martínez steals 2nd base
1-1: Ball
2-1: Ball
3-1: Foul Ball, location: 2F
3-2: Ground out 6-3 (Groundball, 6)
Batting: SHB Salvador Trevino 0-0: Called Strike
0-1: Called Strike
0-2: Ball
1-2: Foul Ball, location: 2F
1-2: Ball
2-2: Ball
3-2: Strikes out swinging
Top of the 7th over - 0 run(s), 0 hit(s), 0 error(s), 1 left on base; Wizarding 0 - Northern Virginia 4
BOTTOM OF THE 7TH
Northern Virginia Rainbow Mermaids batting - Pitching for Wizarding Express : LHP Ming-jiang Wu
Batting: RHB Ed Adams 0-0: Fly out, F8 (Flyball, 8RD)
Batting: RHB Alfredo Pizarro 0-0: Foul Ball, location: 2F
0-1: SINGLE (Flyball, 8LS)
Batting: LHB Francisco Ornelas 0-0: Swinging Strike
0-1: Ball
1-1: Swinging Strike
1-2: Strikes out looking
Batting: RHB Arlen Joysey 0-0: Foul Ball, location: 2F
0-1: Ball
1-1: DOUBLE (Line Drive, 9LM)
Alfredo Pizarro to third
Runner from 3rd tries for Home, SAFE, no throw
Batting: LHB Ty Tomblin 0-0: Called Strike
0-1: Swinging Strike
0-2: Ball
1-2: Ball
2-2: Strikes out looking
Bottom of the 7th over - 1 run(s), 2 hit(s), 0 error(s), 1 left on base; Wizarding 0 - Northern Virginia 5
TOP OF THE 8TH
Wizarding Express batting - Pitching for Northern Virginia Rainbow Mermaids : LHP Javier Desdin
Batting: RHB Frank Grimes 0-0: Called Strike
0-1: Swinging Strike
0-2: Ball
1-2: SINGLE (Groundball, 56S) (infield hit)
Batting: RHB Steve Dunn 0-0: Called Strike
0-1: Ground out 5-3 (Groundball, 5S)
Frank Grimes to second
Batting: LHB Kyung-chor Pang 0-0: Ball
1-0: Ground out 4-3 (Groundball, 4M)
Frank Grimes to third
Batting: LHB José Corona 0-0: DOUBLE (Line Drive, 89XD)
Frank Grimes scores
Batting: RHB Ed Whitaker 0-0: Swinging Strike
0-1: Fly out, F8 (Flyball, 8LD)
Top of the 8th over - 1 run(s), 2 hit(s), 0 error(s), 1 left on base; Wizarding 1 - Northern Virginia 5
BOTTOM OF THE 8TH
Northern Virginia Rainbow Mermaids batting - Pitching for Wizarding Express : LHP Ming-jiang Wu
Batting: RHB Pau Arria 0-0: Called Strike
0-1: Swinging Strike
0-2: Ball
1-2: Ball
2-2: Ball
3-2: Strikes out swinging
Batting: LHB Munemori Ohara 0-0: Ball
1-0: Ball
2-0: Ball
3-0: Base on Balls
Batting: RHB Brett Callison 0-0: Foul Ball, location: 2F
0-1: Ball
1-1: Swinging Strike
1-2: Fly out, F8 (Flyball, 8RS)
Batting: LHB Roberto Sánchez 0-0: Ball
Munemori Ohara steals 2nd base
1-0: Ball
2-0: Ball
3-0: Called Strike
3-1: Base on Balls
Pitching: RHP Enrico Reséndez
Batting: RHB Ed Adams 0-0: Ball
1-0: Ball
2-0: Ball
3-0: Fielders Choice at 2nd, 5-4 (Groundball, 56)
Bottom of the 8th over - 0 run(s), 0 hit(s), 0 error(s), 1 left on base; Wizarding 1 - Northern Virginia 5
TOP OF THE 9TH
Wizarding Express batting - Pitching for Northern Virginia Rainbow Mermaids : LHP Javier Desdin
Batting: RHB António Martínez 0-0: Ball
1-0: Foul Ball, location: 2F
1-1: Foul Ball, location: 2F
1-2: Strikes out swinging
Batting: LHB Nathan Tanner 0-0: Ball
1-0: Swinging Strike
1-1: SOLO HOME RUN (Flyball, 78XD), Distance : 439 ft
Batting: SHB Fernando Sánchez 0-0: Ball
1-0: Swinging Strike
1-1: Swinging Strike
1-2: SINGLE (Groundball, 56D)
Pitching: RHP Lou Hartling
Batting: SHB Salvador Trevino 0-0: Called Strike
0-1: SINGLE (Groundball, 6MD)
Fernando Sánchez to second
Runner from 2nd tries for 3rd, SAFE, throw made to third
Batting: RHB Frank Grimes 0-0: Swinging Strike
0-1: Swinging Strike
0-2: Ball
1-2: Ball
2-2: Strikes out looking
Pinch Hitting: LHB David Breitling 0-0: Called Strike
0-1: Called Strike
0-2: Ball
Wild Pitch!
Fernando Sánchez scores
Salvador Trevino to second
1-2: Strikes out swinging
Top of the 9th over - 2 run(s), 3 hit(s), 0 error(s), 1 left on base; Wizarding 3 - Northern Virginia 5
Thursday, September 7th, 2017 - OOTP Baseball 17.12 Build 75